 Dungeon Crawl Stone Soup version 0.21-a0-442-g848f44b (webtiles) character file.

257 splatterpode the Sneak (level 6, -3/43 HPs)
             Began as an Octopode Assassin on Nov 14, 2017.
             Slain by an ogre
             ... wielding a +0 giant club
              (18 damage)
             ... on level 4 of the Dungeon.
             The game lasted 00:02:33 (2122 turns).

splatterpode the Sneak (Octopode Assassin)          Turns: 2122, Time: 00:02:33

Health: -3/43      AC:  1    Str: 10    XL:     6   Next: 16%
Magic:  2/2        EV: 13    Int: 14    God:
Gold:   67         SH:  0    Dex: 15    Spells: 5/5 levels left

rFire    . . .     SeeInvis .   l - +1 short sword (antimagic)
rCold    . . .     Gourm    .   (no shield)
rNeg     . . .     Faith    .   (helmet restricted)
rPois    .         Spirit   .   (no amulet)
rElec    .         Reflect  .   (no ring)
rCorr    .         Harm     .   (no ring)
MR       .....                  (no ring)
Stlth    ++++......             (no ring)
HPRegen  0.14/turn              (no ring)
MPRegen  0.08/turn              (no ring)
                                (no ring)
                                (no ring)

@: no status effects
A: almost no armour, stealthy swim, amphibious, 8 rings, constrict 8, camouflage
1, gelatinous body 1
a: no special abilities


You were on level 4 of the Dungeon.
You were not hungry.

You visited 1 branch of the dungeon, and saw 3 of its levels.

You collected 67 gold pieces.

Inventory:

Hand Weapons
 a - a +2 dagger
 b - a +0 blowgun
 l - a +1 antimagic short sword (weapon)
Missiles
 c - 16 poisoned needles
 d - 2 curare-tipped needles {!*}
 g - 8 needles of frenzy
Scrolls
 k - 3 scrolls of identify {unknown}
 m - a scroll of remove curse {unknown}
Potions
 e - a potion of might {unknown}
 h - 2 potions of curing {unknown}
 i - a potion of lignification {unknown}
 j - a potion of haste {unknown}
 p - a potion of mutation {unknown}
Comestibles
 f - 2 bread rations
 n - a meat ration
 o - 8 chunks of flesh


   Skills:
 + Level 3.8 Fighting
 * Level 5.2 Short Blades
 - Level 2.0 Throwing
 - Level 1.0 Dodging
 - Level 5.3 Stealth


You had 5 spell levels left.
You didn't know any spells.

Dungeon Overview and Level Annotations

Branches:
Dungeon (2/15)

Altars:


Innate Abilities, Weirdness & Mutations

You cannot wear most types of armour.
You are very stealthy in the water. (Stealth+)
You are amphibious.
You can wear up to eight rings at the same time.
You can use your tentacles to constrict eight enemies at once.
Your skin changes colour to match your surroundings (Stealth+).
Your rubbery body absorbs attacks. (AC +1, EV +1)


Message History

You hit the orc priest.
The orc priest is moderately wounded.
You constrict the orc priest, but do no damage.
You hit the orc priest but do no damage.
The orc priest is moderately wounded.
You constrict the orc priest, but do no damage.
The orc priest struggles to escape constriction.
The ogre closely misses you.
You hit the orc priest.
The orc priest is heavily wounded.
You constrict the orc priest, but do no damage.
The orc priest escapes!
The ogre hits you with a giant club!
You are too injured to fight recklessly!
You are too injured to fight recklessly!
You hit the ogre but do no damage. The orc priest completely misses you.
You closely miss the orc priest. Your grab misses the orc priest.
You squeeze the orc priest, but do no damage.
The orc priest is heavily wounded.
The orc misses you. The ogre hits you with a giant club!!
You die...

#. ##### .. #.#
...#####.... #.#
#.#####.#oooZZ... #.#
#.....#..@#
###.########....O##
.##.##.....$.........
....#..######.........
......###..............
.......>..##.##.#######
....#####.... ..#
............. ...
....##..##### ..#


You could see an ogre, an orc priest, 2 orcs, a ball python zombie and an adder
skeleton.

Vanquished Creatures
  Menkaure (D:4)
  An orc wizard (D:4)
  4 adders
  2 oozes (D:1)
  2 worms (D:2)
  A dart slug (D:2)
  3 leopard geckos
  4 bats
  8 goblins
  8 hobgoblins
  2 jackals (D:1)
  2 ball pythons
  3 frilled lizards
  7 kobolds
  5 rats
53 creatures vanquished.

Notes
Turn   | Place    | Note
-------+----------+-------------------------------------------
     0 | D:1      | splatterpode the Octopode Assassin began the quest for the Orb.
     0 | D:1      | Reached XP level 1. HP: 14/14 MP: 1/1
   161 | D:1      | Reached XP level 2. HP: 8/19 MP: 2/2
   656 | D:1      | Reached XP level 3. HP: 18/25 MP: 3/3
  1386 | D:2      | Reached XP level 4. HP: 30/30 MP: 1/4
  1981 | D:2      | You fall through a shaft for 2 floors!
  1996 | D:4      | Noticed Menkaure
  2005 | D:4      | Killed Menkaure
  2005 | D:4      | Reached skill level 5 in Short Blades
  2005 | D:4      | Reached XP level 5. HP: 26/37 MP: 1/5
  2005 | D:4      | Reached XP level 6. HP: 31/43 MP: 2/6
  2122 | D:4      | Slain by an ogre

Vault maps used:
D:1:      erik_arrival_cave_to_civilisation, minmay_stone_trees_small,
          st_stairs_11
D:4:      minmay_temple_entry_statues_fountains, gup_sewer_entry_spiral,
          first_bread, led_sif_book, uniq_menkaure

Skill      XL: |  1  2  3  4 |
---------------+-------------+-----
Short Blades   | 3 5 |  5.2
Fighting       | 3 |  3.8
Throwing       | |  2.0
Dodging        | |  1.0
Stealth        | |  5.3

Action                   |  1- 3 |  4- 6 || total
-------------------------+-------+-------++-------
Melee: Dagger            |    58 |       ||    58
       Constrict         |    16 |    11 ||    27
       Tentacles         |    11 |    11 ||    22
       Short sword       |     3 |    53 ||    56
 Stab: Sleeping          |     7 |     4 ||    11
       Distracted        |       |     1 ||     1
  Eat: Chunk             |     1 |     3 ||     4
Armor: Skin              |     3 |     4 ||     7
Dodge: Dodged            |    26 |    28 ||    54

Table legend:
 A = Spawn XP
 B = Non-spawn XP
 C = Spawn XP percentage of total XP
 D = Spawn monster count
 E = Non-spawn monster count
 F = Spawn count percentage of total count
 G = Total turns spent on level
                    A         B        C        D         E        F      G
               +---------+---------+-------+---------+---------+-------+---------
         Total |       0 |     368 |   0.0 |       0 |      53 |   0.0 |  2122
               +---------+---------+-------+---------+---------+-------+---------
           D:1 |       0 |      66 |   0.0 |       0 |      33 |   0.0 |  1348
           D:2 |       0 |      74 |   0.0 |       0 |      17 |   0.0 |   633
           D:4 |       0 |     228 |   0.0 |       0 |       3 |   0.0 |   141
               +---------+---------+-------+---------+---------+-------+---------
